AoeStats
← Grant B 1993

Pilgrims

509703040Analyzed
3v3 RM · 4d ago on Sep 27, 2026· 62m 11s· 6 players
Game mode
Random Map
Map size
Normal (6 player)
Population
200
Speed
Normal
Resources
Standard
Victory
Conquest
Starting age
Dark Age
Ending age
Imperial Age
RankedLock teamsTeams togetherTeam positionsShared explorationLock speedFull tech treeHidden civsTurbo modeCheats
Victory
Defeat
🇸🇦 Maya · Saudi Arabia
798
+16
🇸🇦 Inca · Saudi Arabia
792
+16
🇺🇸 Romans · United States
781
+17
🇪🇸 Huns · Spain
827
-17
🇺🇸 Malay · United States
818
-17
🇮🇳 Burgundians · India
760
-15
PENAROZAx
12:46 Feudal Age
11:02 Loom
13:40 Double-Bit Axe
16:55 Castle Age
14:54 Fletching
15:59 Padded Archer Armor
18:01 Medium Warships
18:09 Gold Mining
17:53 Crossbowman
24:36 Bodkin Arrow
27:59 Leather Archer Armor
28:05 Horse Collar
30:19 Fishing Lines
36:20 Imperial Age
36:34 Thumb Ring
37:44 Wheelbarrow
38:15 Chemistry
38:01 Arbalester
38:55 Gillnets
41:27 Hand Cart
42:53 Conscription
46:18 Bracer
46:49 Ring Archer Armor
49:39 Heavy Plow
TartarRush
8:52 Loom
13:00 Feudal Age
14:43 Scale Mail Armor
14:55 Forging
15:27 Double-Bit Axe
15:34 Gold Mining
15:26 Champi Runner
16:17 Arson
17:18 Fletching
18:05 Padded Archer Armor
19:37 Horse Collar
26:56 Castle Age
27:55 Champi Warrior
33:35 Iron Casting
33:15 Chain Mail Armor
34:46 Pikeman
36:48 Bodkin Arrow
38:03 Leather Archer Armor
37:54 Squires
48:17 Imperial Age
49:44 Conscription
49:12 Elite Champi Warrior
56:52 Plate Mail Armor
58:18 Elite Kamayuk
62:40 Fabric Shields
SandSouth
14:22 Feudal Age
16:57 Double-Bit Axe
16:58 Horse Collar
21:52 Castle Age
24:57 Gold Mining
24:58 Stone Mining
28:22 Bow Saw
28:18 Heavy Plow
32:56 Loom
33:54 Wheelbarrow
36:18 Imperial Age
36:51 Gold Shaft Mining
37:09 Forging
36:59 Scale Mail Armor
38:50 Iron Casting
41:23 Blast Furnace
40:38 Chain Mail Armor
40:15 Fletching
41:12 Scale Barding Armor
41:22 Bloodlines
41:13 Husbandry
44:21 Man-at-Arms
45:03 Squires
44:24 Pikeman
44:56 Heavy Scorpion
45:16 Elite Centurion
47:52 Chemistry
46:42 Long Swordsman
47:48 Chain Barding Armor
47:27 Bodkin Arrow
48:41 Legionary
52:58 Crop Rotation
Incognito3597
1:30 Double-Bit Axe
8:04 Wheelbarrow
15:41 Feudal Age
15:02 Horse Collar
15:57 Man-at-Arms
16:57 Bow Saw
17:07 Fishing Lines
20:06 Loom
20:28 Gillnets
22:54 Castle Age
21:19 Fletching
22:26 Hand Cart
23:40 Gold Mining
23:41 Stone Mining
24:59 Two-Man Saw
25:40 Stone Shaft Mining
25:42 Gold Shaft Mining
34:05 Elite Skirmisher
38:58 Imperial Age
38:01 Burgundian Vineyards
40:49 Chemistry
39:47 Murder Holes
40:13 Ballistics
45:42 Hoardings
AlfilGM3
7:42 Loom
12:08 Feudal Age
13:45 Man-at-Arms
19:02 Scale Mail Armor
23:26 Castle Age
22:46 Double-Bit Axe
24:26 Fletching
29:19 Gold Mining
30:39 Bloodlines
37:53 Marauders
39:18 Forging
39:48 Gold Shaft Mining
40:41 Horse Collar
42:58 Wheelbarrow
46:47 Imperial Age
47:22 Hand Cart
Grant B 1993
11:05 Feudal Age
10:47 Double-Bit Axe
10:49 Fishing Lines
21:34 Castle Age
21:34 Gold Mining
21:36 Stone Mining
22:24 Medium Warships
30:41 Imperial Age
28:26 Bow Saw
29:00 Heated Shot
30:01 Gold Shaft Mining
30:01 Stone Shaft Mining
31:31 Horse Collar
32:32 Gillnets
33:14 Town Watch
34:05 Wheelbarrow
33:16 Loom
34:18 Ballistics
34:59 Chemistry
35:09 Heavy Warships
36:24 Guard Tower
37:24 Careening
37:25 Clinker Construction
37:52 Keep
37:32 Elite Cannon Galleon
39:47 Fletching
44:09 Carvel Hull
44:09 Dry Dock
44:11 Shipwright
43:51 Bodkin Arrow
48:36 Forging
49:57 Conscription
48:58 Elite Karambit Warrior
52:19 Iron Casting
52:49 Siege Engineers
53:00 Heavy Plow
56:02 Blast Furnace
55:36 Onager
58:45 Bracer
60:03 Murder Holes
Connection lost

Rejoining the realm…

Still unreachable

The connection could not be restored.

Session expired

The server has moved on; the page needs a fresh start.